 Dungeon Crawl Stone Soup version 0.17-a0-4-gb793c6d (webtiles) character file.

1215 Psiweapon the Basher (level 8, -1/87 HPs)
             Began as an Ogre Hunter on Mar 4, 2015.
             Was a Follower of Makhleb.
             Slain by a worker ant (7 damage)
             ... on level 6 of the Dungeon.
             The game lasted 00:15:36 (4017 turns).

Psiweapon the Basher (Ogre Hunter)                  Turns: 4017, Time: 00:15:37

Health: -1/87      AC:  3    Str: 18    XL:     8   Next: 46%
Magic:  8/8        EV: 11    Int: 10    God:    Makhleb [*.....]
Gold:   140        SH:  0    Dex: 12    Spells: 0 memorised, 7 levels left

rFire  . . .     SeeInvis .     C - +2 giant spiked club
rCold  . . .     Clarity  .     d - +0 animal skin
rNeg   . . .     SustAb   .     (shield restricted)
rPois  .         Gourm    .     (helmet restricted)
rElec  .         Spirit   .     (no cloak)
rCorr  .         Warding  .     (gloves unavailable)
rMut   .         Rnd*Tele +     (boots unavailable)
MR     .....                    s - amulet of faith
Stlth  ++........               B - ring of stealth
                                o - ring of teleportation (curse)

@: confused, lethally poisoned (-1 -> -14), not resistant to hostile
enchantments, unstealthy
A: unfitting armour, tough skin 1
a: Renounce Religion, Evoke Teleportation


You were on level 6 of the Dungeon.
You worshipped Makhleb.
Makhleb was aware of your devotion.
You were not hungry.

You visited 2 branches of the dungeon, and saw 8 of its levels.

You collected 140 gold pieces.

Inventory:

Hand weapons
 a - a +0 short sword
 e - a cursed +0 mace
 g - a +0 whip
 w - a +0 club
 y - a cursed -2 flail
 C - a +2 giant spiked club (weapon)
Missiles
 b - a large rock (quivered)
 c - a throwing net
 i - 5 tomahawks
 k - 94 stones
 q - 12 sling bullets
 x - 13 poisoned needles
Armour
 d - a +0 animal skin (worn)
Magical staves
 v - an uncursed staff of cold
Jewellery
 o - a cursed ring of teleportation (left hand)
 s - an amulet of faith (around neck)
 u - an uncursed ring of see invisible
 B - a ring of stealth (right hand)
 F - an uncursed amulet of the gourmand {unknown}
Magical devices
 z - a wand of magic darts (8)
Scrolls
 h - 2 scrolls of blinking
 j - a scroll of enchant armour
 m - a scroll of remove curse {unknown}
 E - a scroll of identify
 J - a scroll of amnesia {unknown}
 K - a scroll of teleportation
Potions
 n - a potion of agility {unknown}
 r - a potion of resistance {unknown}
 t - 2 potions of poison
 D - a potion of restore abilities {unknown}
 G - a potion of decay {unknown}
 I - a potion of mutation {unknown}
Books
 H - a book of the Tempests

   Spells                             Type                      Level
   a - Static Discharge               Conjuration/Air              3
   b - Lightning Bolt                 Conjuration/Air              5
   c - Fireball                       Conjuration/Fire             5
   d - Tornado                        Air                          9
   e - Shatter                        Earth                        9
Comestibles
 f - 3 meat rations
 l - a slice of pizza
 p - 3 bread rations
 A - 2 fruits


   Skills:
 - Level 7.6 Fighting
 + Level 8.4 Maces & Flails
 - Level 5.0 Throwing
 + Level 4.3 Dodging
 - Level 0.7 Stealth


You had 7 spell levels left.
You didn't know any spells.

Dungeon Overview and Level Annotations

Branches:
Dungeon (7/15)             Temple (1/1) D:6

Altars:
Ashenzari
Cheibriados
Dithmenos
Elyvilon
Fedhas
Gozag
Makhleb
Okawaru
Ru
Sif Muna
Xom
Zin
The Shining One


Innate Abilities, Weirdness & Mutations

You are too large for most types of armour.
You have tough skin (AC +1).


Message History

You thump the orc!
You kill the orc!
Makhleb accepts your kill. The rat barely misses you. The worker ant bites you.
* * * LOW HITPOINT WARNING * * *
You are poisoned.
The worker ant poisons you! Natasha casts a spell at you.
The magic dart hits you!
* * * LOW HITPOINT WARNING * * *
You bludgeon Natasha!!
You kill Natasha!
Makhleb accepts your kill.
Natasha screams in fury as she dies!
You feel sick. The worker ant bites you.
* * * LOW HITPOINT WARNING * * *
You are lethally poisoned!
The worker ant poisons you! The rat bites you but does no damage.
The worker ant bites you!
You die...

## ... #. #.# #.# #.### #.#
#.... ##.########....
##........<..### ####
##.....#####..... ...#
############a...)....##..###
##.###.........†@ro(...##..|..#
##.....##.##.#####.....#####...#
....÷..##.##.# #.#.#.#####...#
##........##.#####.###.........#
##.###.#####.##.......######...#
.....#.......##.##.......# #...#
####.#.......##. #.#####.# #...#
.###.#.......##. #.# #.###...##
#..#.#.......##....# #.........


You could see a worker ant, an orc wizard and a rat.

Vanquished Creatures
  Menkaure (D:6)
  An orc warrior (D:7)
  A necrophage (D:4)
  2 ogres (D:4)
  Sigmund (D:2)
  A jelly (D:6)
  A water moccasin skeleton (D:6)
  2 hounds (D:6)
  4 orc wizards
  4 orc priests
  Natasha (D:6)
  An iguana (D:4)
  2 worker ants
  Jessica (D:2)
  4 adders
  2 giant mites
  A worm (D:4)
  3 giant geckos
  An ooze (D:1)
  14 orcs
  A ball python (D:6)
  A bat skeleton (D:4)
  A giant cockroach (D:1)
  12 goblins
  10 hobgoblins
  6 jackals
  A quokka (D:2)
  7 bats
  3 giant newts
  A jackal skeleton (D:6)
  6 kobolds
  7 rats
104 creatures vanquished.

Notes
Turn   | Place    | Note
--------------------------------------------------------------
     0 | D:1      | Psiweapon, the Ogre Hunter, began the quest for the Orb.
     0 | D:1      | Reached XP level 1. HP: 22/22 MP: 1/1
   252 | D:1      | Reached XP level 2. HP: 29/31 MP: 2/2
   260 | D:2      | Found a sacrificial altar of Ru.
   262 | D:2      | Noticed Jessica
   271 | D:2      | Killed Jessica
   271 | D:2      | Reached skill level 5 in Throwing
   271 | D:2      | Reached XP level 3. HP: 34/39 MP: 3/3
   606 | D:1      | Reached skill level 1 in Maces & Flails
  1022 | D:2      | Found a blossoming altar of Fedhas.
  1139 | D:2      | Reached XP level 4. HP: 34/49 MP: 4/4
  1315 | D:2      | Noticed Sigmund
  1318 | D:2      | Killed Sigmund
  1318 | D:2      | Reached skill level 5 in Fighting
  1318 | D:2      | Reached XP level 5. HP: 54/57 MP: 5/5
  1572 | D:4      | Noticed a necrophage
  1730 | D:3      | Found a shadowy altar of Dithmenos.
  2213 | D:4      | Noticed an ogre
  2219 | D:4      | Killed an ogre
  2219 | D:4      | Reached skill level 6 in Fighting
  2219 | D:4      | Reached XP level 6. HP: 32/67 MP: 6/6
  2683 | D:4      | Noticed an ogre
  2704 | D:4      | HP: 3/68 [jackal (3)]
  2704 | D:4      | HP: 1/68 [hobgoblin (2)]
  3028 | D:4      | Reached skill level 5 in Maces & Flails
  3044 | D:4      | Killed an ogre
  3044 | D:4      | Reached skill level 7 in Fighting
  3044 | D:4      | Reached XP level 7. HP: 35/78 MP: 7/7
  3307 | D:4      | Killed a necrophage
  3392 | D:5      | Entered Level 5 of the Dungeon
  3463 | D:6      | Found a staircase to the Ecumenical Temple.
  3467 | Temple   | Entered the Ecumenical Temple
  3490 | Temple   | Became a worshipper of Makhleb the Destroyer
  3835 | D:6      | Noticed Menkaure
  3837 | D:6      | Killed Menkaure
  3837 | D:6      | Acquired Makhleb's first power
  3848 | D:6      | Reached XP level 8. HP: 56/87 MP: 8/8
  3954 | D:7      | Reached skill level 8 in Maces & Flails
  4015 | D:6      | Noticed Natasha
  4017 | D:6      | Killed Natasha
  4017 | D:6      | Slain by a worker ant

Action                   |  1- 3 |  4- 6 |  7- 9 || total
-------------------------+-------+-------+-------++-------
Melee: Mace              |    82 |    73 |       ||   155
       Giant spiked club |       |    47 |    74 ||   121
Throw: Large rock        |     6 |    11 |     5 ||    22
       Stone             |       |     7 |       ||     7
       Throwing net      |       |     4 |       ||     4
Evoke: Wand              |       |       |     2 ||     2
  Use: Scroll            |       |     6 |       ||     6
       Potion            |       |     3 |       ||     3
 Stab: Sleeping          |       |       |     3 ||     3
  Eat: Chunk             |       |     7 |     3 ||    10
